 Dungeon Crawl Stone Soup version 0.26-a0-1184-g95e395e029 (webtiles) character file.

Game seed: 16737617593036228250

313758 Marmelada17 the Imperceptible (level 21, -11/198 HPs)
             Began as a Naga Ice Elementalist on Dec 27, 2020.
             Was the Champion of Vehumet.
             Mangled by a jiangshi (16 damage)
             ... led by a vampire mage
             ... on level 2 of the Depths.
             The game lasted 01:56:57 (51257 turns).

Marmelada17 the Imperceptible (NaIE)               Turns: 51257, Time: 01:56:59

Health: -11/198    AC: 24    Str: 16    XL:     21   Next: 34%
Magic:  8/41       EV: 23    Int: 29    God:    Vehumet [******]
Gold:   3148       SH:  0    Dex: 22    Spells: 7/53 levels left

rFire    + . .     SeeInvis +   E - +6 demon trident (drain)
rCold    + . .     Faith    .   (no shield)
rNeg     + . .     Spirit   .   c - +2 robe {rC+ rF+}
rPois    +         Reflect  .   P - +2 helmet "Hares" {Str+3 Dex+4 Stlth+}
rElec    +         Harm     .   n - +0 cloak
rCorr    .         Rampage  .   G - +1 pair of gloves
Will     +++..                  U - +0 barding
Stlth    ++++++++++             u - amulet of Mut Tali {Acrobat rElec Will+ Dex+2}
HPRegen  0.43/turn              Z - +6 ring of intelligence
MPRegen  0.27/turn              Q - ring "Kygamp" {rElec rN+ AC+4 Dex+4}

@: acrobat, very slightly contaminated, very slow
A: large, see invisible, deformed body, poison resistance, slowness 2, spit
poison 1, constrict 1, AC +7
}: 2/15 runes: serpentine, barnacled
a: Spit Poison, Renounce Religion


You were on level 2 of the Depths.
You worshipped Vehumet.
Vehumet was exalted by your worship.
You visited 7 branches of the dungeon, and saw 35 of its levels.
You also visited: Gauntlet and Wizlab.

You collected 4149 gold pieces.
You spent 1001 gold pieces at shops.

Inventory:

Hand Weapons
 E - a +6 demon trident of draining (weapon)
Missiles
 e - 7 throwing nets (quivered)
Armour
 c - a +2 robe of resistance (worn)
 n - a +0 cloak (worn)
 G - a +1 pair of gloves (worn)
 P - the +2 helmet "Hares" (worn) {Str+3 Dex+4 Stlth+}
   (You found it on level 13 of the Dungeon)

   It affects your strength (+3).
   It affects your dexterity (+4).
   It makes you more stealthy.
 U - a +0 barding (worn)
 W - a +2 tower shield of protection
 Y - +0 fire dragon scales
Jewellery
 k - an uncursed amulet of reflection
 u - the amulet of Mut Tali (around neck) {Acrobat rElec Will+ Dex+2}
   (You found it on level 4 of the Dungeon)

   [amulet of the acrobat]

   It helps you evade while moving and waiting.
   It affects your dexterity (+2).
   It insulates you from electricity.
   It affects your willpower, your defense against some magical effects.
 A - an uncursed ring of wizardry
 Q - the ring "Kygamp" (right hand) {rElec rN+ AC+4 Dex+4}
   (You bought it in a shop on level 1 of the Snake Pit)

   [ring of protection]

   It affects your AC (+4).
   It affects your dexterity (+4).
   It insulates you from electricity.
   It protects you from negative energy.
 S - the ring "Amikeygg" {rN+ Slay+2}
   (You took it off a minotaur in a Gauntlet)

   [ring of positive energy]

   It affects your accuracy and damage with ranged weapons and melee attacks
   (+2).
   It protects you from negative energy.
 T - the ring "Itrib" {rElec rC+++ MP+9 Int+2 Dex-3}
   (You found it on level 2 of the Depths)

   [ring of magical power]

   It affects your intelligence (+2).
   It affects your dexterity (-3).
   It renders you almost immune to cold.
   It insulates you from electricity.
   It affects your magic capacity (+9).
 Z - a +6 ring of intelligence (left hand)
Wands
 r - a wand of iceblast (31)
 w - a wand of paralysis (7)
 D - a wand of digging (5)
Scrolls
 b - 11 scrolls of enchant armour
 d - 5 scrolls of holy word
 f - a scroll of magic mapping
 g - 14 scrolls of teleportation
 i - 2 scrolls of blinking
 j - 6 scrolls of amnesia
 l - a scroll of noise {unknown}
 m - 16 scrolls of remove curse
 t - 4 scrolls of immolation
 x - 3 scrolls of fog
 z - 3 scrolls of acquirement
 F - 3 scrolls of enchant weapon
 I - 6 scrolls of fear
 N - 3 scrolls of silence
 O - a scroll of summoning
Potions
 h - 4 potions of might
 o - 5 potions of resistance
 p - 10 potions of curing
 q - 4 potions of haste
 s - 5 potions of cancellation
 v - 2 potions of ambrosia
 B - 5 potions of lignification
 C - 4 potions of flight
 J - a potion of magic
 L - 3 potions of mutation
 M - 5 potions of heal wounds
 R - 2 potions of brilliance
Miscellaneous
 a - a phantom mirror


   Skills:
 + Level 14.3 Fighting
 - Level 1.5 Dodging
 + Level 23.7 Stealth
 * Level 2.8 Shields
 + Level 16.9 Spellcasting
 + Level 11.2 Conjurations
 - Level 7.0 Summonings
 + Level 20.9 Ice Magic


You had 7 spell levels left.
You knew the following spells:

 Your Spells              Type           Power        Failure   Level
a - Freeze                Ice            100%         0%          1
b - Frozen Ramparts       Ice            100%         0%          3
c - Absolute Zero         Ice            49%          10%         9
d - Hailstorm             Conj/Ice       87%          1%          4
e - Spellforged Servitor  Conj/Summ      33%          11%         7
f - Blink                 Tloc           N/A          2%          2
g - Ozocubu's Refrigerat  Ice            49%          1%          6
h - Orb of Destruction    Conj           37%          4%          7
i - Ozocubu's Armour      Ice            98%          0%          3
j - Summon Ice Beast      Ice/Summ       81%          1%          4

Your spell library contained the following spells:

 Spells                   Type           Power        Failure   Level
 Lehudib's Crystal Spear  Conj/Erth      27%          94%         8
 Shatter                  Erth           12%          100%        9
 Magic Dart               Conj           100%         0%          1
 Animate Skeleton         Necr           48%          1%          1
 Apportation              Tloc           48%          1%          1
 Beastly Appendage        Tmut           48%          1%          1
 Corona                   Hex            26%          1%          1
 Foxfire                  Conj/Fire      100%         1%          1
 Shock                    Conj/Air       100%         1%          1
 Summon Small Mammal      Summ           100%         1%          1
 Call Imp                 Summ           60%          1%          2
 Ensorcelled Hibernation  Hex/Ice        100%         1%          2
 Searing Ray              Conj           100%         1%          2
 Call Canine Familiar     Summ           60%          1%          3
 Conjure Flame            Conj/Fire      54%          1%          3
 Dazzling Flash           Conj/Hex       100%         1%          3
 Inner Flame              Hex/Fire       24%          1%          3
 Mephitic Cloud           Conj/Pois/Air  46%          1%          3
 Static Discharge         Conj/Air       54%          1%          3
 Summon Guardian Golem    Hex/Summ       44%          1%          3
 Fulminant Prism          Conj/Hex       27%          1%          4
 Ice Form                 Ice/Tmut       71%          1%          4
 Iskenderun's Mystic Bla  Conj/Tloc      54%          1%          4
 Sticky Flame             Conj/Fire      54%          1%          4
 Fireball                 Conj/Fire      27%          1%          5
 Iskenderun's Battlesphe  Conj           74%          1%          5
 Lightning Bolt           Conj/Air       27%          1%          5
 Metabolic Englaciation   Hex/Ice        35%          1%          5
 Freezing Cloud           Conj/Ice/Air   36%          1%          6
 Passwall                 Tmut/Erth      20%          2%          2
 Slow                     Hex            24%          2%          2
 Swiftness                Air            24%          2%          2
 Wereblood                Tmut           24%          2%          2
 Bolt of Magma            Conj/Fire/Erth 23%          3%          5
 Summon Lightning Spire   Summ/Air       44%          4%          4
 Confusing Touch          Hex            24%          5%          3
 Gell's Gravitas          Tloc           12%          5%          3
 Lesser Beckoning         Tloc           12%          5%          3
 Portal Projectile        Hex/Tloc       48%          5%          3
 Spider Form              Tmut/Pois      12%          5%          3
 Teleport Other           Tloc           24%          5%          3
 Tukima's Dance           Hex            24%          5%          3
 Airstrike                Air            12%          5%          4
 Iron Shot                Conj/Erth      27%          8%          6
 Lee's Rapid Deconstruct  Erth           12%          13%         5
 Yara's Violent Unravell  Hex/Tmut       12%          13%         5
 Cause Fear               Hex            12%          19%         4
 Leda's Liquefaction      Hex/Erth       12%          19%         4
 Passage of Golubria      Tloc           N/A          19%         4
 Petrify                  Tmut/Erth      24%          19%         4
 Blade Hands              Tmut           12%          45%         5
 Invisibility             Hex            24%          96%         6
 Malign Gateway           Summ/Tloc      22%          98%         7


Dungeon Overview and Level Annotations

Branches:
Dungeon (15/15)            Temple (0/1) D:7            Lair (6/6) D:10
 Shoals (4/4) Lair:4        Snake (4/4) Lair:3        Slime (0/5) Lair:6
    Orc (2/2) D:10            Elf (1/3) Orc:2        Vaults (0/5) D:14
 Depths (3/5) D:15         WizLab (visited)         Gauntlet (visited)

Altars:
Elyvilon
Fedhas
Hepliaklqana
Makhleb
Nemelex Xobeh
Ru
Trog
Vehumet
Wu Jian
Xom
Yredelemnul
Jiyva

Shops:
D:9 =   Orc:1 [?*}(   Orc:2 (*[(?(   Shoals:2 (   Shoals:4 =   Snake:1 [[=?
Snake:4 =(!   Depths:2 ??:?

Portals:
Hell: Depths:1 Depths:2
Pandemonium: Depths:1
Trove: D:10 (give 7 scrolls of blinking)

Annotations:
D:4 Grinder, Menkaure
D:7 exclusions: 2 doors and downstairs
Lair:5 2 transporters, exclusions: ice statue and oklob plant, Besadwos's ghost, journeyman OpHu; Bodu's ghost, journeyman NaFi
Snake:3 1 runed translucent door, p0werm0de's ghost, journeyman DDFi


Innate Abilities, Weirdness & Mutations

You cannot wear boots.
Your serpentine skin is tough. (AC +7)
You have supernaturally acute eyesight. (SInv)
Armour fits poorly on your strangely shaped body.
Your system is resistant to poisons. (rPois)
You cover ground very slowly.
You can spit poison.
You can use your snake-like lower body to constrict enemies.


Message History

The jiangshi barely misses you. The jiangshi claws you!
* * * LOW HITPOINT WARNING * * *
The jiangshi draws strength from your injuries!
The jiangshi claws you!
* * * LOW HITPOINT WARNING * * *
The jiangshi draws strength from your injuries!
The jiangshi claws you but does no damage.
Unknown command.
Unknown command.
You release your grip on the jiangshi.
Unknown command.
Unknown command.
Unknown command.
The jiangshi claws you!
* * * LOW HITPOINT WARNING * * *
The jiangshi closely misses you. The jiangshi claws you!!
* * * LOW HITPOINT WARNING * * *
The jiangshi draws strength from your injuries!
The jiangshi claws you!
You die...

#'###
#######'################
....#
#.......................
....#
#.......................
....#
#..#.#..................
....#
#..#^#..................
....#
#..#8#....>.............
....#
#..#^#..................
>...#
#..#.#.V................
....#
#......@................
#####
########################


You could see a jiangshi.

Vanquished Creatures
  A juggernaut (Depths:2)
  Saint Roka (Depths:2)
  Nikola (Shoals:1)
  A golden dragon (Depths:2)
  A hellephant (Depths:1)
  Rupert (D:14)
  2 liches
  A titan (Depths:1)
  A kraken (Shoals:2)
  Frances (D:14)
  A tengu reaver (Depths:1)
  Ilsuiw (Shoals:2)
  9 nagarajas
  A balrug (Gauntlet)
  5 fire giants
  A frost giant (Depths:1)
  Louise (Shoals:1)
  Aizul (Snake:3)
  3 spriggan defenders
  10 stone giants
  4 very ugly things (Depths:1)
  2 vampire knights
  Nessos (Lair:5)
  A deep elf demonologist (Elf:1)
  15 dire elephants (Depths:1)
  A minotaur (Gauntlet)
  9 merfolk javelineers
  A jiangshi (Depths:3)
  3 ettins
  2 yaktaur captains
  2 great orbs of eyes (Depths:1)
  Fannar (D:11)
  3 fire dragons
  8 merfolk impalers
  Erolcha (D:13)
  4 ice dragons
  2 ogre magi
  13 naga warriors
  3 spriggan air magi
  4 rakshasas
  12 anacondas
  13 hydras
  2 boulder beetles
  6 merfolk avatars
  2 alligator snapping turtles (Shoals:4)
  3 centaur warriors
  15 two-headed ogres
  A dancing weapon (Elf:1)
  A vampire mage (Depths:1)
  3 merfolk aquamancers (Shoals:4)
  10 tengu warriors
  Urug (D:12)
  3 spriggan berserkers
  2 deep troll shamans (Depths:2)
  4 orc high priests (Orc:2)
  18 naga sharpshooters
  11 shock serpents
  7 deep troll earth magi (Depths:2)
  A soul eater (Gauntlet)
  2 salamander mystics (Snake:4)
  A deep elf knight (Elf:1)
  A hell knight (Depths:2)
  6 deep trolls
  A nameless horror (Depths:1)
  A glowing orange brain (Depths:3)
  An unseen horror (D:12)
  A flayed ghost (D:15)
  7 sea snakes
  2 deep elf archers (Elf:1)
  23 harpies
  11 naga ritualists
  A necromancer (Depths:2)
  A phantasmal warrior (D:14)
  16 mana vipers
  An orc sorcerer (Orc:2)
  An orc knight (Orc:2)
  15 salamanders
  16 deep elf magi
  5 manticores
  4 cyclopes
  8 fauns
  26 ugly things
  A faun (shapeshifter) (Depths:2)
  11 elephants
  42 black mambas
  23 naga magi
  5 merfolk sirens
  An elephant (shapeshifter) (Depths:2)
  4 guardian serpents
  6 water nymphs
  17 cane toads
  2 gargoyles
  11 rime drakes
  A kobold demonologist (D:15)
  A redback zombie (D:15)
  7 komodo dragons
  A komodo dragon (shapeshifter) (Depths:2)
  12 yaktaurs
  4 polar bears
  29 merfolk
  4 tengu conjurers
  A queen bee (Gauntlet)
  6 trolls
  A troll (shapeshifter) (D:15)
  19 blink frogs
  5 wind drakes
  A slime creature (Depths:1)
  A fire dragon zombie (D:15)
  4 hornets (Lair:6)
  2 spriggan zombies (D:15)
  2 dream sheep (Shoals:2)
  6 snapping turtles
  A tarantella (shapeshifter) (Depths:3)
  A shadow (D:12)
  2 wraiths (D:12)
  9 basilisks
  8 water elementals
  6 wyverns
  2 centaur simulacra (D:11)
  59 yaks
  An elf zombie (D:15)
  6 vampire mosquitoes (D:13)
  44 nagas
  A naga (shapeshifter) (D:14)
  2 hell hounds (Gauntlet)
  4 floating eyes (D:9)
  7 wargs
  6 water moccasins
  8 sky beasts
  6 ice beasts
  2 black bears
  26 orc warriors
  3 phantoms
  2 necrophages
  39 wolves
  8 centaurs
  16 ogres
  2 big kobolds
  22 bullfrogs
  A wyvern skeleton (D:13)
  4 scorpions
  80 killer bees
  5 wights (D:12)
  4 howler monkeys
  3 electric eels
  6 bullfrog zombies
  3 centaur zombies
  A wyvern simulacrum (D:11)
  6 centaur skeletons
  12 hounds
  43 orc priests
  2 bullfrog skeletons
  3 jellies
  Ijyb (D:5)
  3 iguanas
  34 orc wizards
  15 worker ants
  A hound zombie (D:5)
  4 hound skeletons
  4 gnolls (D:10)
  14 adders
  4 shadow imps
  3 white imps
  4 ufetubi
  2 oozes (D:3)
  An adder skeleton (D:5)
  5 worms
  4 dart slugs
  8 leopard geckos
  89 orcs
  4 giant cockroaches
  2 goblins
  11 hobgoblins
  14 jackals
  14 kobolds
  A quokka (D:6)
  3 ball pythons
  5 bats
  6 frilled lizards
  A jackal skeleton (D:6)
  A leopard gecko skeleton (D:5)
  7 rats
  6 blocks of ice
  3 tentacles (Shoals:2)
1360 creatures vanquished.

Vanquished Creatures (collateral kills)
  A dire elephant (Depths:1)
  An ice dragon (Depths:1)
  A deep troll earth mage (Depths:1)
  2 skeletal warriors (D:15)
  2 deep trolls (Depths:1)
  A necromancer (D:15)
  4 slime creatures (Depths:1)
  A yak (D:9)
  A wraith (D:10)
  An ice beast (D:10)
  A killer bee (D:9)
  2 orc wizards (D:5)
  An adder skeleton (D:9)
  An orc (D:5)
20 creatures vanquished.

Vanquished Creatures (others)
  2 killer bees (D:9)
  27 blocks of ice
  A bush (Shoals:2)
  154 fungi
  280 plants
  A tentacle (Shoals:2)
  6 withered plants (D:15)
471 creatures vanquished.

Grand Total: 1851 creatures vanquished

Notes
Turn   | Place    | Note
-------+----------+-------------------------------------------
     0 | D:1      | Marmelada17 the Naga Ice Elementalist began the quest for
                  | the Orb.
     0 | D:1      | Reached XP level 1. HP: 15/15 MP: 3/3
   156 | D:1      | Reached XP level 2. HP: 22/22 MP: 5/5
   498 | D:1      | Reached XP level 3. HP: 17/28 MP: 0/6
   510 | D:1      | Learned a level 3 spell: Frozen Ramparts
  1025 | D:2      | Found a white marble altar of Elyvilon.
  1259 | D:2      | Reached skill level 4 in Stealth
  1533 | D:2      | Reached XP level 4. HP: 36/36 MP: 7/7
  2118 | D:3      | Found a burning altar of Makhleb.
  2171 | D:3      | Reached skill level 5 in Ice Magic
  2248 | D:3      | Learned a level 3 spell: Ozocubu's Armour
  2612 | D:3      | Found a faded altar of an unknown god.
  2838 | D:3      | Reached XP level 5. HP: 37/42 MP: 9/9
  2921 | D:3      | Reached skill level 5 in Stealth
  2979 | D:3      | Reached XP level 6. HP: 48/49 MP: 5/10
  3318 | D:4      | Noticed Grinder
  3508 | D:4      | Got a glittering ruby amulet
  3540 | D:4      | Reached skill level 6 in Stealth
  3722 | D:4      | Noticed Menkaure
  3746 | D:4      | Learned a level 4 spell: Summon Ice Beast
  3747 | D:5      | Entered Level 5 of the Dungeon
  3824 | D:5      | Reached XP level 7. HP: 51/55 MP: 12/12
  3897 | D:5      | Reached skill level 1 in Summonings
  4155 | D:5      | Noticed Ijyb
  4165 | D:5      | Killed Ijyb
  5288 | D:6      | Found a basalt altar of Yredelemnul.
  5318 | D:6      | Reached skill level 7 in Stealth
  5666 | D:6      | Found a radiant altar of Vehumet.
  5724 | D:6      | Identified the amulet of Mut Tali {Acrobat rElec Will+
                  | Dex+2} (You found it on level 4 of the Dungeon)
  5741 | D:6      | Became a worshipper of Vehumet
  5875 | D:6      | Reached XP level 8. HP: 62/62 MP: 9/14
  6511 | D:7      | Found a bloodstained altar of Trog.
  6684 | D:7      | Found a staircase to the Ecumenical Temple.
  6937 | D:7      | Noticed a wraith
  7067 | D:8      | Noticed a two-headed ogre
  7168 | D:8      | Killed a two-headed ogre
  7169 | D:8      | Reached skill level 8 in Stealth
  7169 | D:8      | Reached skill level 5 in Spellcasting
  7169 | D:8      | Reached XP level 9. HP: 19/68 MP: 4/16
  7403 | D:7      | Learned a level 4 spell: Hailstorm
  7666 | D:8      | Reached skill level 9 in Stealth
  7969 | D:8      | Found an ornate altar of the Wu Jian Council.
  7997 | D:8      | Reached * piety under Vehumet
  7997 | D:8      | Offered knowledge of Sandblast by Vehumet.
  8335 | D:8      | Found a sparkling altar of Nemelex Xobeh.
  8931 | D:9      | Reached skill level 10 in Stealth
  8931 | D:9      | Paralysed by a floating eye for 2 turns
  8934 | D:9      | Reached skill level 5 in Summonings
  8947 | D:9      | Paralysed by a floating eye for 3 turns
  8967 | D:9      | Reached XP level 10. HP: 68/75 MP: 7/19
  9067 | D:9      | Reached skill level 10 in Ice Magic
  9073 | D:9      | Found Estuufodd's Jewellery Shop.
  9187 | D:9      | Offered knowledge of Searing Ray by Vehumet.
  9320 | D:9      | Reached ** piety under Vehumet
 10256 | D:9      | Noticed a two-headed ogre
 10263 | D:9      | Killed a two-headed ogre
 10264 | D:9      | Reached skill level 11 in Stealth
 10395 | D:9      | Found a blossoming altar of Fedhas.
 10498 | D:9      | Reached skill level 1 in Conjurations
 10541 | D:9      | Offered knowledge of Mephitic Cloud by Vehumet.
 11169 | D:9      | Reached *** piety under Vehumet
 11420 | D:9      | Reached XP level 11. HP: 81/81 MP: 17/21
 11614 | D:9      | Found a hazy altar of Hepliaklqana.
 11615 | D:9      | Found a shimmering altar of Xom.
 11659 | D:9      | Offered knowledge of Fulminant Prism by Vehumet.
 12135 | D:10     | Entered Level 10 of the Dungeon
 12219 | D:10     | Reached skill level 12 in Stealth
 12283 | D:10     | Found a portal to a secret trove of treasure.
 12303 | D:10     | Got a fine falchion
 12313 | D:10     | Identified the +6 falchion of Articulation {venom, Dex+3}
                  | (You found it on level 10 of the Dungeon)
 12349 | D:10     | Learned a level 2 spell: Blink
 12570 | D:10     | Found a staircase to the Orcish Mines.
 12573 | D:10     | Reached **** piety under Vehumet
 12577 | D:10     | Offered knowledge of Yara's Violent Unravelling by Vehumet.
 12791 | D:10     | Found the cursed +13 scythe of Curses {drain, *Curse}
 12796 | D:10     | You fall into a shaft and drop 1 floor!
 13216 | D:11     | Reached skill level 5 in Conjurations
 13223 | D:11     | Noticed a white ugly thing
 13479 | D:10     | Found a staircase to the Lair.
 13767 | D:10     | You fall into a shaft and drop 3 floors!
 13820 | D:12     | Noticed Urug
 13831 | D:12     | Killed Urug
 14033 | D:11     | Noticed Fannar
 14261 | Lair:1   | Entered Level 1 of the Lair of Beasts
 14291 | Lair:1   | Reached ***** piety under Vehumet
 14292 | Lair:1   | Noticed a seven-headed hydra
 14294 | Lair:1   | Offered knowledge of Ozocubu's Refrigeration by Vehumet.
 14300 | Lair:1   | Reached skill level 13 in Stealth
 14626 | Lair:1   | Reached XP level 12. HP: 74/88 MP: 14/24
 14633 | Lair:1   | Learned a level 6 spell: Ozocubu's Refrigeration
 15474 | Lair:1   | Killed a seven-headed hydra
 15705 | Lair:2   | Reached skill level 14 in Stealth
 16132 | Lair:2   | Noticed a four-headed hydra
 16137 | Lair:2   | Killed a four-headed hydra
 16310 | Lair:2   | Reached skill level 1 in Fighting
 16837 | Lair:3   | Found a staircase to the Snake Pit.
 17139 | Lair:3   | Gained mutation: You can use your snake-like lower body to
                  | constrict enemies. [Naga growth]
 17139 | Lair:3   | Reached XP level 13. HP: 92/100 MP: 24/26
 17326 | Lair:3   | You fall into a shaft and drop 2 floors!
 17526 | Lair:4   | Reached skill level 15 in Stealth
 17745 | Lair:4   | Found a staircase to the Shoals.
 19134 | Lair:5   | Noticed Nessos
 19137 | Lair:5   | Killed Nessos
 19258 | Lair:5   | Found a transporter.
 19284 | Lair:5   | Noticed Bodu's ghost (journeyman NaFi)
 19303 | Lair:5   | Reached skill level 10 in Spellcasting
 19862 | Lair:5   | Found a transporter.
 19908 | Lair:5   | Noticed Besadwos's ghost (journeyman OpHu)
 19975 | Lair:6   | Entered Level 6 of the Lair of Beasts
 19980 | Lair:6   | Reached skill level 16 in Stealth
 19982 | Lair:6   | Reached skill level 5 in Fighting
 20338 | Lair:6   | Reached XP level 14. HP: 104/117 MP: 14/28
 20472 | Lair:6   | Offered knowledge of Bolt of Magma by Vehumet.
 20898 | Lair:6   | Found a viscous altar of Jiyva.
 20898 | Lair:6   | Found a staircase to the Slime Pits.
 21599 | Lair:6   | Offered knowledge of Orb of Destruction by Vehumet.
 21787 | Lair:6   | Got a shimmering helmet
 21809 | Lair:6   | Identified the cursed +0 helmet of the Past {SInv Stlth+}
                  | (You found it on level 6 of the Lair of Beasts)
 22116 | Snake:1  | Entered Level 1 of the Snake Pit
 22143 | Snake:1  | Reached skill level 17 in Stealth
 22295 | Snake:1  | Found Ehogeysch's Magic Scroll Boutique.
 22383 | Snake:1  | Found Meics's Jewellery Shoppe.
 22391 | Snake:1  | Found Noqeh's Armour Shop.
 22397 | Snake:1  | Found Zoggiy's Antique Armour Shop.
 22636 | Snake:1  | Reached skill level 15 in Ice Magic
 23475 | Snake:2  | Reached XP level 15. HP: 127/129 MP: 24/30
 23504 | Snake:1  | Learned a level 7 spell: Orb of Destruction
 24099 | Snake:2  | Reached skill level 18 in Stealth
 24812 | Snake:3  | Noticed Aizul
 24818 | Snake:3  | Killed Aizul
 24926 | Snake:3  | Found a runed translucent door.
 25444 | Snake:3  | Noticed a nagaraja
 25454 | Snake:3  | Killed a nagaraja
 25532 | Snake:3  | Noticed a nagaraja
 25540 | Snake:3  | Reached XP level 16. HP: 142/142 MP: 25/31
 25575 | Snake:3  | Killed a nagaraja
 25896 | Snake:3  | Noticed p0werm0de's ghost (journeyman DDFi)
 25972 | Snake:3  | Noticed a nagaraja
 25975 | Snake:3  | Killed a nagaraja
 26144 | Snake:4  | Entered Level 4 of the Snake Pit
 26219 | Snake:4  | Reached skill level 19 in Stealth
 26374 | Snake:4  | Reached ****** piety under Vehumet
 26496 | Snake:4  | Found Gohaun's Distillery.
 26500 | Snake:4  | Found Fyiwag's Weapon Boutique.
 26501 | Snake:4  | Found Efixiapa's Jewellery Shop.
 26888 | Snake:4  | Noticed a nagaraja
 26892 | Snake:4  | Killed a nagaraja
 27642 | Snake:4  | Reached skill level 10 in Fighting
 28480 | Snake:4  | Noticed a nagaraja
 28485 | Snake:4  | Killed a nagaraja
 28491 | Snake:4  | Reached XP level 17. HP: 137/153 MP: 11/33
 28738 | Snake:4  | Offered knowledge of Freezing Cloud by Vehumet.
 28914 | Snake:4  | Learned a level 6 spell: Freezing Cloud
 29015 | Snake:4  | Got a serpentine rune of Zot
 29024 | Snake:4  | Reached skill level 20 in Stealth
 29705 | Orc:1    | Entered Level 1 of the Orcish Mines
 29708 | Orc:1    | Found Yvvaon's Magic Scroll Shoppe.
 29859 | Orc:2    | Entered Level 2 of the Orcish Mines
 30578 | Orc:2    | Found a staircase to the Elven Halls.
 30591 | Orc:2    | Found Vafut's Mayhem Merchandise.
 30722 | Orc:2    | Found Vurok's Weapon Shop.
 31004 | Orc:2    | Offered knowledge of Conjure Ball Lightning by Vehumet.
 31124 | Orc:2    | Found Xaczobye's Magic Scroll Emporium.
 31124 | Orc:2    | Found Kiacuac's Antique Weapon Emporium.
 31124 | Orc:2    | Found Woliab's Antique Weapon Shoppe.
 31134 | Orc:2    | Found Rity's Antique Armour Shoppe.
 31348 | Orc:1    | Found Binn's Gadget Emporium.
 31362 | Orc:1    | Found Fudgh's General Store.
 31408 | Orc:1    | Found Mouxyleh's Antique Weapon Shop.
 31520 | Orc:1    | Found Afistaal's Antique Armour Shop.
 31812 | Snake:1  | Bought the ring "Kygamp" {rElec rN+ AC+4 Dex+4} for 1001
                  | gold pieces
 32584 | Elf:1    | Entered Level 1 of the Elven Halls
 32874 | Elf:1    | Identified Ugiuq's Compendium of Illusion
 33167 | Shoals:1 | Entered Level 1 of the Shoals
 33878 | Shoals:1 | Noticed Louise
 33885 | Shoals:1 | Killed Louise
 33990 | Shoals:1 | Noticed Nikola
 34010 | Shoals:1 | Killed Nikola
 34011 | Shoals:1 | Reached XP level 18. HP: 71/165 MP: 2/35
 34901 | Shoals:2 | Found Vekaett's Antique Weapon Emporium.
 35373 | Shoals:2 | Noticed Ilsuiw
 35380 | Shoals:2 | Killed Ilsuiw
 35380 | Shoals:2 | Offered knowledge of Spellforged Servitor by Vehumet.
 35381 | Shoals:2 | Reached skill level 21 in Stealth
 36368 | Shoals:2 | Learned a level 7 spell: Spellforged Servitor
 36969 | Shoals:4 | Entered Level 4 of the Shoals
 37119 | Shoals:4 | Found Ikungoch's Jewellery Boutique.
 37734 | Shoals:4 | Offered knowledge of Ignition by Vehumet.
 39200 | Shoals:4 | Got a barnacled rune of Zot
 39444 | D:11     | Reached XP level 19. HP: 176/176 MP: 33/37
 39988 | D:11     | Got a fine zirconium amulet
 39989 | D:11     | Identified the amulet of Pyromania {Spirit *Slow Dex+6}
                  | (You found it on level 11 of the Dungeon)
 40065 | D:11     | Killed Fannar
 40591 | D:12     | Offered knowledge of Lehudib's Crystal Spear by Vehumet.
 40591 | D:12     | Offered knowledge of Shatter by Vehumet.
 40591 | D:12     | Offered knowledge of Absolute Zero by Vehumet.
 40770 | D:12     | Learned a level 9 spell: Absolute Zero
 41422 | D:13     | Noticed Erolcha
 41424 | D:13     | Killed Erolcha
 41425 | D:13     | Reached skill level 15 in Spellcasting
 41426 | D:13     | Reached skill level 22 in Stealth
 41639 | D:13     | Got a spiked helmet
 41650 | D:13     | Identified the +2 helmet "Hares" {Str+3 Dex+4 Stlth+} (You
                  | found it on level 13 of the Dungeon)
 42016 | D:13     | Found a sacrificial altar of Ru.
 42165 | D:14     | Found a gate to the Vaults.
 42287 | D:14     | Found a gate leading to a gauntlet.
 42291 | Gauntlet | Entered a Gauntlet
 42291 | Gauntlet | Found a transporter.
 42291 | Gauntlet | Found a transporter.
 42291 | Gauntlet | Found a transporter.
 42312 | Gauntlet | Found a transporter.
 42315 | Gauntlet | Found a transporter.
 42319 | Gauntlet | Found a runed translucent door.
 42319 | Gauntlet | Found a runed translucent door.
 42323 | Gauntlet | Found a transporter.
 42326 | Gauntlet | Found a transporter.
 42342 | Gauntlet | Found a transporter.
 42352 | Gauntlet | Found a transporter.
 42369 | Gauntlet | Found a transporter.
 42372 | Gauntlet | Found a transporter.
 42382 | Gauntlet | Found a transporter.
 42571 | Gauntlet | Got a slimy platinum ring
 42668 | Gauntlet | Identified the +11 hand crossbow of Edwealih {vorpal, rF++}
 42668 | Gauntlet | Identified the ring "Amikeygg" {rN+ Slay+2}
 42697 | Gauntlet | Identified the ring of Boruew {Str+6 Dex+3 Slay-3 SInv
                  | Stlth+} (You found it in a Gauntlet)
 42868 | D:14     | Noticed Rupert
 42877 | D:14     | Killed Rupert
 42886 | D:14     | Noticed Frances
 42889 | D:14     | Killed Frances
 43687 | D:15     | Entered Level 15 of the Dungeon
 43798 | D:15     | Found a staircase to the Depths.
 45041 | Depths:1 | Entered Level 1 of the Depths
 45386 | Depths:1 | Found a magical portal.
 45417 | WizLab   | Entered The Roulette of Golubria
 45417 | WizLab   | Found a transporter.
 45979 | Depths:1 | Reached XP level 20. HP: 74/187 MP: 18/39
 46841 | Depths:1 | Found a gateway to Hell.
 46881 | Depths:1 | Noticed a hellephant
 47287 | Depths:1 | Reached skill level 10 in Conjurations
 47696 | Depths:1 | Killed a hellephant
 47779 | Depths:1 | Found a one-way gate leading to the halls of Pandemonium.
 47996 | Depths:1 | Reached skill level 23 in Stealth
 48129 | Depths:1 | Identified a scroll of acquirement
 48574 | Depths:2 | Found Rarem's Magic Scroll Shoppe.
 48586 | Depths:2 | Found Foqam's Magic Scroll Emporium.
 48586 | Depths:2 | Found Hohuc's Magic Scroll Shoppe.
 48589 | Depths:2 | Found Tiboplur's Book Emporium.
 48682 | Depths:2 | You fall into a shaft and drop 1 floor!
 49284 | Depths:2 | Noticed Saint Roka
 49293 | Depths:2 | Killed Saint Roka
 49907 | Depths:2 | Noticed a juggernaut
 49911 | Depths:2 | Killed a juggernaut
 49997 | Depths:2 | Reached XP level 21. HP: 198/198 MP: 41/41
 50077 | Depths:2 | Got a warped wooden ring
 50098 | Depths:2 | Got a brightly glowing ruby amulet
 50111 | Depths:2 | Identified the amulet "Lajuv" {Spirit Str+3} (You found it
                  | on level 2 of the Depths)
 50123 | Depths:2 | Identified the ring "Itrib" {rElec rC+++ MP+9 Int+2 Dex-3}
                  | (You found it on level 2 of the Depths)
 50192 | Depths:2 | Noticed a golden dragon
 50233 | Depths:2 | Reached skill level 1 in Shields
 50234 | Depths:2 | Killed a golden dragon
 51257 | Depths:2 | HP: 5/198 [jiangshi[a vampire mage] (20)]
 51257 | Depths:2 | Mangled by a jiangshi

Illustrated notes

Levels and vault maps discovered:
D:1:      wheals_arrival_linesprint, layout_rooms, minmay_tree_intersection,
          minmay_misc_feat_plants, roderic_serpentine_path
D:2:      layout_basic, elyvilon_altar_3
D:3:      layout_basic, bloody_makhleb, chequers_ecumenical_altar_lobes,
          grunt_ministairs_1, minmay_misc_feat_iff
D:4:      layout_rooms, uniq_grinder, uniq_menkaure
D:5:      layout_gridville, serial_bayou_pond_e, uniq_ijyb
D:6:      layout_loops_corners, nicolae_overflow_crystal_walls,
          vehumet_altar_wand_db
D:7:      layout_basic, lemuel_mausoleum_altar_kikubaaqudgha, bloody_trog,
          temple_green
D:8:      layout_loops_cross, general_overflow_altar, nzn_wu_jian_council_hall
D:9:      wad_woods_minihive, layout_loops_ring, regret_index_temple_of_mockery,
          lemuel_doored_altar, serial_shops, nicolae_shop_behind_doors,
          minivault_4, onia_ninara_cookie
D:10:     layout_roguey, erik_lair_island,
          kennysheep_orc_monster_closet_entryway, enter_trove_1
D:11:     layout_cave_pools, serial_ice, serial_ice_g, serial_ice_b,
          serial_ice_m, serial_ice_k, portal_ice_cave_rime, uniq_fannar
D:12:     layout_basic, uniq_urug
D:13:     layout_big_octagon, st_stairs_13, nicolae_ru_the_path_less_chosen,
          uniq_erolcha
D:14:     layout_basic, david_vaults_4, gauntlet_entry_generic, uniq_rupert,
          uniq_frances
D:15:     gammafunk_depths_entry_grave, layout_stronghold,
          minmay_curled_crystal, bh_walls_and_bars
Lair:1:   wander_river, layout_cellular_growth, grunt_forest_large_clearings
Lair:2:   layout_chaotic_city, grunt_megastairs_2, serial_bayou_shore_b
Lair:3:   layout_chaotic_city, dummy_snake_entry, st_stairs_13,
          chequers_serial_rivers_marsh, grunt_megastairs_3
Lair:4:   layout_layer_cave, shoals_dummy_entry
Lair:5:   layout_hall_layers, nzn_ghost_randoct, chequers_serial_rivers_room_a,
          uniq_nessos
Lair:6:   gammafunk_lair_ancient_temple, layout_cellular_growth, slime_altar_1,
          infiniplex_staircase_pool_2, lemuel_fruit_fields
Shoals:1: layout_shoals, nicolae_shoals_square_sea_wall,
          nicolae_shoals_seven_spires, nicolae_shoals_arrival_archipelago,
          uniq_louise, uniq_nikola
Shoals:2: argonaut_golden_fleece, layout_shoals, serial_shops,
          nicolae_shop_window_shopping, nicolae_shoals_hunting_party,
          uniq_ilsuiw
Shoals:3: layout_shoals, nicolae_shoals_dead_sea_scrolls
Shoals:4: shoals_end_hangedman, layout_shoals, shoal_ilsuiw, serial_shops,
          nicolae_shop_waterfront, nicolae_shoals_stone_sculpture_thing
Snake:1:  layout_honeycomb, serial_shops, shop, shop, nicolae_shop_statue_plus,
          nicolae_shop_trees, drop_trap
Snake:2:  layout_onion_interference, grunt_megastairs_4
Snake:3:  layout_misc_corridors, ebering_ghost_reflecting_pool, uniq_aizul
Snake:4:  snake_pit, layout_onion_interference, grunt_megastairs_5,
          minmay_shop_star
Orc:1:    layout_caves, serial_shops, nicolae_shop_overgrown_old_shop,
          nicolae_shop_crystal, shop, shop,
          nicolae_shop_temple_entry_statues_fountains
Orc:2:    st_orc_mages, layout_diamond_mine, serial_shops, shop,
          minmay_shop_mayhem
Elf:1:    minmay_elf_arrival_circle, layout_onion_city, serial_shops, shop,
          nicolae_shop_behind_doors, minmay_elf_demonology
Depths:1: mu_elephants_graveyard, layout_cave_pools, hell_entry, pan_entry,
          mu_enter_wizlab_1, corexii_hall_statues_t, grunt_ministairs_13,
          lightli_minifort
Depths:2: cheibrodos_leafed_vault, layout_gridlike, hell_entry,
          ebering_dispersal_statue_hall, firewood_loft,
          minmay_staircase_windowed_small, minmay_shoptagon, uniq_saint_roka
Depths:3: minmay_fractal_lines_corner, layout_honeycomb, hell_entry,
          rand_demon_pan_entry_9, hallowed_hall, minmay_staircase_bubble

Skill      XL: |  1  2  3  4  5  6  7  8  9 10 11 12 13 14 15 16 17 18 19 20 21 |
---------------+----------------------------------------------------------------+-----
Stealth        | 4 5 6 7 8 10 11 13 14 16 17 18 19 20 21 22 23 | 23.7
Ice Magic      | 5 6 7 8 9 11 12 13 15 16 17 18 19 20 | 20.9
Spellcasting   | 3 4 5 6 7 8 9 10 11 12 13 14 15 16 | 16.9
Summonings     | 2 3 5 6 7 |  7.0
Conjurations   | 3 7 9 10 11 | 11.2
Fighting       | 2 5 7 8 10 11 12 13 14 | 14.3
Shields        | 2 |  2.8
Dodging        | |  1.5

Action                   |  1- 3 |  4- 6 |  7- 9 | 10-12 | 13-15 | 16-18 | 19-21 || total
-------------------------+-------+-------+-------+-------+-------+-------+-------++-------
Melee: Whip              |    17 |    23 |   184 |    62 |       |       |       ||   286
       Falchion          |       |       |       |   143 |   125 |    96 |       ||   364
       Constrict         |       |       |       |       |    40 |    41 |    70 ||   151
       Demon trident     |       |       |       |       |       |     7 |   459 ||   466
Throw: Boomerang         |     3 |     3 |       |     1 |     1 |       |       ||     8
       Throwing net      |       |       |       |       |       |       |     1 ||     1
 Cast: Freeze            |    30 |    59 |    78 |   104 |    69 |    42 |    18 ||   400
       Frozen Ramparts   |       |     1 |    17 |    53 |    15 |     8 |     4 ||    98
       Ozocubu's Armour  |       |       |     4 |     4 |     2 |       |       ||    10
       Hailstorm         |       |       |    25 |    97 |    45 |    40 |     4 ||   211
       Summon Ice Beast  |       |       |     1 |    10 |       |     3 |     3 ||    17
       Blink             |       |       |       |     2 |       |     1 |     1 ||     4
       Ozocubu's Refrige |       |       |       |    29 |   163 |   317 |   192 ||   701
       Freezing Cloud    |       |       |       |       |       |     2 |       ||     2
       Absolute Zero     |       |       |       |       |       |       |    35 ||    35
       Spellforged Servi |       |       |       |       |       |       |     6 ||     6
 Abil: Spit Poison       |    26 |    27 |     4 |     3 |     4 |       |       ||    64
Evoke: Wand              |       |       |     2 |     6 |       |     2 |     1 ||    11
  Use: Scroll            |       |     4 |     8 |     6 |     1 |    15 |    15 ||    49
       Potion            |       |       |     2 |     5 |       |     1 |     1 ||     9
 Stab: Sleeping          |     1 |     2 |     1 |     8 |     9 |     3 |    13 ||    37
       Distracted        |       |       |       |     2 |       |     4 |     6 ||    12
Armor: Robe              |    16 |    19 |   129 |    64 |       |    78 |   391 ||   697
       Troll leather arm |       |       |       |   111 |   104 |    38 |       ||   253
Dodge: Dodged            |    28 |    35 |   161 |   212 |   137 |   115 |   239 ||   927
       Rpst.: Falchion   |       |       |       |    35 |    28 |    22 |       ||    85

Table legend: (Time is in decaauts)
 A = Elapsed time spent in this place.
 B = Non-inter-level travel time spent in this place.
 C = Inter-level travel time spent in this place.
 D = Time resting spent in this place.
 E = Time spent auto-exploring this place.
 F = Levels seen in this place.
 G = Mean time per level.
                   A        B        C        D        E       F      G
               +--------+--------+--------+--------+--------+-----+--------+
         Total |  61303 |  57293 |   4010 |  14942 |  32957 |  37 | 1656.8 |
       Dungeon |  23868 |  22244 |   1624 |   4646 |  13493 |  15 | 1591.2 |
          Lair |  10522 |   9387 |   1135 |   1890 |   6030 |   6 | 1753.7 |
        Shoals |   7497 |   7339 |    158 |   1804 |   4646 |   4 | 1874.2 |
     Snake Pit |   8738 |   8319 |    419 |   3173 |   3973 |   4 | 2184.5 |
  Orcish Mines |   2839 |   2313 |    526 |    359 |   1506 |   2 | 1419.5 |
   Elven Halls |    404 |    363 |     41 |    114 |    160 |   1 |  404.0 |
        Depths |   6564 |   6461 |    103 |   2588 |   2851 |   3 | 2188.0 |
        Wizlab |    339 |    339 |      0 |    335 |      0 |   1 |  339.0 |
      Gauntlet |    528 |    528 |      0 |     32 |    295 |   1 |  528.0 |
               +--------+--------+--------+--------+--------+-----+--------+

Top non-repeatable levels by time:
     D:9: 3940 daAuts
Depths:1: 3496 daAuts
Depths:2: 2771 daAuts
 Snake:3: 2698 daAuts
Shoals:4: 2690 daAuts
    D:10: 2619 daAuts
 Snake:4: 2512 daAuts
 Snake:1: 2282 daAuts
  Lair:1: 2202 daAuts
  Lair:6: 2163 daAuts
   Orc:2: 2072 daAuts
Shoals:1: 1961 daAuts
  Lair:4: 1933 daAuts
Shoals:2: 1923 daAuts
    D:12: 1756 daAuts
